 Dungeon Crawl Stone Soup version 0.27-a0-984-g00e00afbbc (webtiles) character file.

Game seed: 7630165869658708074

3549 Froggeryz the Cleaver (level 10, -12/70 HPs)
             Began as a Formicid Fighter on Apr 15, 2021.
             Was a Priest of Okawaru.
             Mangled by an orc knight
             ... wielding a +0 halberd
              (32 damage)
             ... in a bailey.
             The game lasted 00:09:06 (8466 turns).

Froggeryz the Cleaver (Formicid Fighter)            Turns: 8466, Time: 00:09:06

Health: -12/70     AC:  9    Str: 31    XL:     10   Next: 30%
Magic:  10/10      EV: 10    Int:  7    God:    Okawaru [***...]
Gold:   290        SH: 14    Dex: 10    Spells: 9/9 levels left

rFire    . . .     SeeInvis +   a - +0 war axe
rCold    . . .     Faith    .   c - +1 kite shield
rNeg     . . .     Spirit   .   b - +0 scale mail
rPois    .         Reflect  .   (helmet unavailable)
rElec    .         Harm     .   B - +0 cloak
rCorr    .         Rampage  .   u - +0 pair of gloves
Will     +....                  (no boots)
Stlth    ..........             A - amulet of magic regeneration
HPRegen  0.21/turn              m - +6 ring of strength
MPRegen  0.37/turn              (no ring)

@: no status effects
A: permanent stasis, dig shafts and tunnels, antennae 3, four strong arms
a: Dig, Renounce Religion, Heroism


You were in a bailey.
You worshipped Okawaru.
Okawaru was most pleased with you.
You visited 2 branches of the dungeon, and saw 8 of its levels.
You also visited: Ossuary and Bailey.

You collected 339 gold pieces.
You spent 49 gold pieces at shops.

Inventory:

Hand Weapons
 a - a +0 war axe (weapon)
Missiles
 f - 2 throwing nets
Armour
 b - a +0 scale mail (worn)
 c - a +1 kite shield (worn)
 u - a +0 pair of gloves (worn)
 B - a +0 cloak (worn)
 E - the +0 tower shield of Meucoav {rPois Str+2}
   (You found it in a bailey)

   It affects your strength (+2).
   It protects you from poison.
 F - +1 ice dragon scales
Jewellery
 m - a +6 ring of strength (left hand)
 A - an amulet of magic regeneration (around neck)
 D - the ring of Coic {rPois rC+ rN+ Int+2}
   (You found it in a bailey)

   [ring of protection from cold]

   It affects your intelligence (+2).
   It protects you from cold.
   It protects you from poison.
   It protects you from negative energy.
Wands
 r - a wand of paralysis (5)
 t - a wand of flame (13)
 v - a wand of acid (9)
Scrolls
 e - 2 scrolls of fog
 p - 3 scrolls of identify
 q - 3 scrolls of teleportation
 s - a scroll of amnesia
 w - a scroll of acquirement {unknown}
 y - 2 scrolls of blinking {unknown}
 z - 2 scrolls of torment {unknown}
 C - a scroll of magic mapping {unknown}
Potions
 d - a potion of might
 g - a potion of berserk rage {unknown}
 h - 3 potions of curing
 i - a potion of attraction
 j - 4 potions of flight {unknown}
 k - a potion of degeneration {unknown}
 l - 5 potions of heal wounds {unknown}
 n - 3 potions of magic {unknown}
 o - 2 potions of lignification
 x - a potion of cancellation {unknown}


   Skills:
 - Level 3.2 Fighting
 * Level 11.7 Axes
 - Level 3.2 Armour
 - Level 10.0 Shields


You had 9 spell levels left.
You didn't know any spells.
Your spell library contained the following spells:

 Spells                   Type           Power      Damage    Failure   Level
 Shock                    Conj/Air       0%         1d3       67%         1
 Static Discharge         Conj/Air       0%         N/A       80%         2
 Airstrike                Air            0%         N/A       100%        4
 Lightning Bolt           Conj/Air       0%         1d11      100%        5
 Swiftness                Air            Unusable   N/A       N/A         3

Dungeon Overview and Level Annotations

Branches:
Dungeon (7/15)             Temple (1/1) D:4         Ossuary (visited)
 Bailey (1/1)

Altars:
Dithmenos
Hepliaklqana
Okawaru
Zin
Lugonu

Shops:
D:1 !   D:6 [


Innate Abilities, Weirdness & Mutations

You cannot be hasted, slowed, berserked, paralysed or teleported.
You can dig through walls and to a lower floor.
You have a pair of large antennae on your head. (SInv)
Your four strong arms can wield two-handed weapons with a shield.


Message History

The orc knight shouts!
You block the orc warrior's attack.
The orc knight roars a battlecry!
The orc knight goes into a battle-frenzy!
The orc warrior hits you but does no damage.
You block the orc knight's attack.
The orc warrior hits you from afar with a +0 spear!
You open the door.
The orc knight hits you from afar with a +0 halberd.
The orc warrior hits you from afar with a +0 spear!
Found a warped lapis lazuli ring and runed ice dragon scales.
Found a masterwork tower shield.
There is an open door here.
You see here the ring of Coic {rPois rC+ rN+ Int+2}.
D - the ring of Coic {rPois rC+ rN+ Int+2} You see here the +0 tower shield of Meucoav {rPois Str+2}.
E - the +0 tower shield of Meucoav {rPois Str+2} The orc warrior no longer looks unusually strong.
The orc warrior no longer looks unusually strong.
The orc knight roars a battlecry!
The orc warriors go into a battle-frenzy!
You see here +1 ice dragon scales.
F - +1 ice dragon scales
There is an open door here.
There's nothing to close nearby.
The orc knight no longer looks unusually strong. x2
You close the door.
You start resting.
HP restored.
You open the door.
The orc warrior shouts! x2; The orc knight shouts!
The orc knight roars a battlecry!
The orcs go into a battle-frenzy!
There is an open door here.
The orc knight hits you from afar with a +0 halberd!!
You block the orc warrior's attack.
The orc warrior hits you from afar with a +0 spear!!
* * * LOW HITPOINT WARNING * * *
The orc knight hits you from afar with a +0 halberd!!
You die...

#∩#### ##.........##
##∩..#######..≈≈≈≈≈≈≈..##
####...##...≈≈.....≈≈..##
########.##..≈..###..≈≈..#######
#.........##...##.##..≈≈........
#.≈≈≈≈≈≈≈.######...##..≈≈≈≈≈≈≈≈≈
#.≈.)....## #.....##......)...
#.≈)#############'#############.
#.≈)##.$$$.##..@...§§.#'.....##)
#.≈))##.$.##..≈≈≈≈≈§§..##...##..
#.≈≈).##.##..≈≈ooo.§§≈..##.##..≈
#∩.≈≈..#+#..≈§..o⌠..)≈§..#'#..≈≈
##.≈≈..# #..≈≈..⌠∩⌠..§≈§.#)#..≈≈
#.≈≈..## #+..§≈.....≈≈§.##.##..≈
#.≈..## ##..≈§≈§≈≈≈..##...##..
#.≈.##{ ##.........##.....##.
#.≈.#############+###'#########.


You could see 2 orc knights and 2 orc warriors.

Vanquished Creatures
  Pikel (D:6)
  2 wraiths (Ossuary)
  Sigmund (D:2)
  3 orc warriors (Bailey)
  3 water moccasins
  2 sky beasts (D:5)
  2 ice beasts (D:6)
  4 necrophages
  A centaur (D:6)
  A phantom (D:6)
  2 bullfrogs
  A water moccasin skeleton (D:4)
  3 wights (Ossuary)
  2 howler monkeys
  A centaur zombie (D:5)
  3 hounds (D:6)
  2 bullfrog zombies
  A jelly (D:6)
  A bullfrog skeleton (D:4)
  2 gnoll shamans
  2 orc priests (D:4)
  Crazy Yiuf (D:6)
  6 iguanas
  2 killer bee zombies
  A howler monkey zombie (D:7)
  7 gnolls
  2 adders (D:2)
  A shadow imp (D:7)
  A white imp (D:7)
  An ufetubus (D:5)
  2 adder zombies (Ossuary)
  An adder skeleton (D:4)
  A worm (D:3)
  25 orcs
  11 ball pythons
  4 endoplasms
  2 giant cockroaches
  10 goblins
  8 hobgoblins
  5 jackals
  A quokka (D:1)
  A ball python skeleton (Ossuary)
  7 bats
  6 frilled lizards
  A hobgoblin skeleton (Ossuary)
  A hobgoblin zombie (Ossuary)
  8 kobolds
  2 orc skeletons (Ossuary)
  An orc zombie (Ossuary)
  7 rats
166 creatures vanquished.

Vanquished Creatures (others)
  5 fungi (D:6)
5 creatures vanquished.

Grand Total: 171 creatures vanquished

Notes
Turn   | Place    | Note
-------+----------+-------------------------------------------
     0 | D:1      | Froggeryz the Formicid Fighter began the quest for the Orb.
     0 | D:1      | Reached XP level 1. HP: 18/18 MP: 1/1
    57 | D:1      | Found Yxke's Distillery.
   181 | D:1      | Reached XP level 2. HP: 24/24 MP: 2/2
   433 | D:1      | Reached XP level 3. HP: 29/29 MP: 3/3
   474 | D:1      | Reached skill level 3 in Axes
  1348 | D:2      | Reached XP level 4. HP: 35/35 MP: 4/4
  1659 | D:2      | Noticed Sigmund
  1664 | D:2      | Killed Sigmund
  1665 | D:2      | Reached skill level 4 in Axes
  1665 | D:2      | Reached skill level 5 in Shields
  1665 | D:2      | Reached XP level 5. HP: 9/41 MP: 5/5
  1665 | D:2      | Reached XP level 6. HP: 10/47 MP: 6/6
  2130 | D:3      | Reached skill level 5 in Axes
  2880 | D:4      | Noticed a necrophage
  2889 | D:4      | Killed a necrophage
  2890 | D:4      | Reached XP level 7. HP: 43/52 MP: 7/7
  2898 | D:4      | Reached skill level 6 in Axes
  3071 | D:4      | Found a staircase to the Ecumenical Temple.
  3090 | Temple   | Entered the Ecumenical Temple
  3233 | Temple   | Became a worshipper of Warmaster Okawaru
  3905 | D:4      | HP: 2/48 [necrophage (4)]
  4411 | D:5      | Entered Level 5 of the Dungeon
  4450 | D:5      | Reached skill level 7 in Axes
  4450 | D:5      | Reached XP level 8. HP: 57/58 MP: 8/8
  4923 | D:5      | Reached skill level 8 in Axes
  4981 | D:5      | Reached * piety under Okawaru
  5510 | D:6      | Reached XP level 9. HP: 53/64 MP: 9/9
  5520 | D:6      | Reached skill level 9 in Axes
  5668 | D:6      | Found Zounk's Armour Shop.
  5679 | D:6      | Bought a +0 pair of gloves for 49 gold pieces
  6051 | D:6      | Noticed Pikel
  6058 | D:6      | Killed Pikel
  6058 | D:6      | Reached ** piety under Okawaru
  6059 | D:6      | Reached skill level 10 in Axes
  6070 | D:6      | Found a sand-covered staircase.
  6086 | Ossuary  | Entered an ossuary
  6622 | Ossuary  | Reached *** piety under Okawaru
  6894 | D:6      | Reached XP level 10. HP: 67/70 MP: 10/10
  7383 | D:6      | Found a runed translucent door.
  7384 | D:6      | Noticed Crazy Yiuf
  7397 | D:6      | Killed Crazy Yiuf
  7398 | D:6      | Reached skill level 11 in Axes
  7454 | D:7      | Reached skill level 10 in Shields
  7566 | D:7      | Found a flagged portal.
  7586 | Bailey   | Entered a bailey
  7924 | Bailey   | Noticed an orc knight
  7924 | Bailey   | Noticed an orc knight
  8309 | Bailey   | Identified the ring of Coic {rPois rC+ rN+ Int+2}
  8311 | Bailey   | Identified the +0 tower shield of Meucoav {rPois Str+2}
  8466 | Bailey   | Mangled by an orc knight

Illustrated notes

Levels and vault maps discovered:
D:1:      dpeg_arrival_brainrot, layout_basic, serial_shops, shop,
          minmay_stone_trees_small
D:2:      layout_basic, serial_curves, eino_curves_03, eino_curves_01,
          uniq_sigmund
D:3:      layout_rooms, minmay_misc_feat_five, minmay_misc_feat_ornament,
          skrybe_limestone_x
D:4:      layout_basic, minmay_temple_entry_mini_moons
D:5:      layout_cave_pods
D:6:      layout_basic, serial_shops, shop,
          lightli_ossuary_entry_decrepit_ruins, minmay_misc_feat_roman,
          minmay_misc_feat_encased, minmay_misc_feat_room,
          uniq_crazy_yiuf_cottage, uniq_pikel
D:7:      layout_rooms, enter_bailey_5, grunt_ministairs_8,
          hangedman_decor_opposing, hangedman_abyss_or_decor_lesser_grid
Temple:   kb_corrupted_temple
Bailey:   bailey_polearm_1, bailey

Skill      XL: |  1  2  3  4  5  6  7  8  9 10 |
---------------+-------------------------------+-----
Shields        | 4 5 6 8 9 10 | 10.0
Axes           | 3 4 5 7 8 10 11 | 11.7
Fighting       | |  3.2
Armour         | |  3.2

Action                   |  1- 3 |  4- 6 |  7- 9 | 10-12 || total
-------------------------+-------+-------+-------+-------++-------
Melee: War axe           |    96 |    80 |   296 |   126 ||   598
 Abil: Dig               |     1 |       |     5 |     1 ||     7
Evoke: Wand              |       |       |       |     4 ||     4
  Use: Scroll            |       |     2 |     4 |       ||     6
       Potion            |       |       |     1 |     2 ||     3
Armor: Scale mail        |    56 |    17 |    54 |    18 ||   145
Dodge: Dodged            |    47 |    25 |    73 |    44 ||   189
Block: Kite shield       |    63 |    36 |   143 |    85 ||   327

Table legend: (Time is in decaauts)
 A = Elapsed time spent in this place.
 B = Non-inter-level travel time spent in this place.
 C = Inter-level travel time spent in this place.
 D = Time resting spent in this place.
 E = Time spent auto-exploring this place.
 F = Levels seen in this place.
 G = Mean time per level.
                   A        B        C        D        E       F      G
               +--------+--------+--------+--------+--------+-----+--------+
         Total |   8580 |   8416 |    164 |   1896 |   4786 |  10 |  858.0 |
       Dungeon |   6870 |   6732 |    138 |    922 |   4514 |   7 |  981.4 |
        Temple |    163 |    137 |     26 |      0 |    135 |   1 |  163.0 |
       Ossuary |    670 |    670 |      0 |    393 |     65 |   1 |  670.0 |
        Bailey |    876 |    876 |      0 |    581 |     72 |   1 |  876.0 |
               +--------+--------+--------+--------+--------+-----+--------+

Top non-repeatable levels by time:
     D:6: 1274 daAuts
     D:4: 1270 daAuts
     D:5: 1094 daAuts
     D:2: 1065 daAuts
     D:1: 1048 daAuts
     D:3: 963 daAuts
  Bailey: 876 daAuts
 Ossuary: 670 daAuts
  Temple: 163 daAuts
     D:7: 154 daAuts
